[Event "Presidents Day GM-Norm 2024"]
[Site "Santa Clara"]
[Date "2024.02.19"]
[Round "8.1"]
[White "Sathish, Pranav"]
[Black "Wang, Isaac"]
[Result "1/2-1/2"]
[ECO "B40"]
[WhiteElo "2357"]
[BlackElo "2316"]
[Annotator "TA"]
[PlyCount "58"]
[EventDate "2024.02.13"]
[EventType "tourn"]
[EventCountry "USA"]
[SourceTitle "playchess.com"]
[Source "ChessBase"]
[SourceQuality "1"]
[TimeControl "5400+30"]

1. e4 c5 2. Nf3 e6 3. b3 a6 4. Bb2 b5 5. Qe2 Bb7 6. d3 d6 7. e5 (7. a4 $11) 7... dxe5 $17 8. Nxe5 {[%emt 0:00:09] Black is better.} Nf6 9. Nd2 Nc6 10. Nxc6 Bxc6 11. O-O-O Be7 12. c4 (12. Rg1 $11 {keeps the balance.}) 12... O-O 13. Rg1 Qc7 14. g3 (14. g4 $15) 14... Nd7 15. Bg2 Rad8 (15... Bf6 $15 16. Bxc6 Qxc6) 16. Bxc6 $11 Qxc6 17. f4 Bf6 18. Qe4 Bxb2+ 19. Kxb2 Qd6 ({Black should try} 19... Qb6 $17) 20. Nf3 (20. Qe3 $11) 20... Nf6 (20... b4 {with more complications.} 21. d4 Qb6 22. Ng5 Nf6) 21. Qe2 Rb8 22. Rge1 Rfc8 23. Ng5 a5 24. Ne4 Qd4+ 25. Kb1 a4 26. Qb2 {[%emt 0:00:00] [#] Qxd4 is the strong threat.} Nxe4 (26... Qd8 $15) 27. Rxe4 {[%emt 0:00:00] The position is equal.} Qd7 28. cxb5 $1 Rxb5 ({Not} 28... axb3 $2 29. a4 $18) 29. Rxa4 c4 $1 {[%emt 0:34:19] Weighted Error Value: White=0.25 (precise) /Black=0.27 (precise) .  Mistake:       	White=4     	Black=3      Inaccurate:     	White=4     	Black=5      OK:         	White=9     	Black=6      Best:        	White=1     	---        Strong:       	White=1     	Black=1} 1/2-1/2

[Event "Presidents Day GM-Norm 2024"]
[Site "Santa Clara"]
[Date "2024.02.19"]
[Round "8.2"]
[White "Deng, Henry"]
[Black "Atwell, Rose"]
[Result "0-1"]
[ECO "C43"]
[WhiteElo "2281"]
[BlackElo "2104"]
[Annotator "TA"]
[PlyCount "88"]
[EventDate "2024.02.13"]
[EventType "tourn"]
[EventCountry "USA"]
[SourceTitle "playchess.com"]
[Source "ChessBase"]
[SourceQuality "1"]
[TimeControl "5400+30"]

1. e4 e5 2. Nf3 Nf6 3. d4 Nxe4 4. dxe5 d5 5. Nbd2 Nxd2 6. Bxd2 c5 7. c3 Be7 8. Bd3 {[%emt 0:00:49] The position is equal.} Nc6 9. O-O O-O 10. Re1 Re8 11. h3 Be6 12. Bf4 Qd7 13. Qd2 Bf5 14. Rad1 Rad8 15. Ng5 h6 (15... Bxd3 16. Qxd3 Bxg5 17. Bxg5 $14) 16. Bxf5 (16. e6 $11 Bxe6 (16... fxe6 17. Bxf5 Bxg5 18. Bxg5 $16) 17. Bh7+ Kh8 18. Nxe6 fxe6 19. Bc2) 16... Qxf5 $15 17. g4 Qg6 18. Nf3 d4 19. Qe2 (19. cxd4 $15 Nxd4 20. Nxd4) 19... h5 $17 {[%emt 0:09:25] Black converts the advantage convincingly.} 20. Nd2 dxc3 21. bxc3 Rd3 {[%emt 0:00:22] Black is more active.} 22. Kh2 (22. e6 $17 {was called for.}) 22... hxg4 $19 (22... Rxc3 23. gxh5 Qe6 24. Qg4 $17) 23. Qxg4 Qxg4 24. hxg4 g5 (24... Rxc3 25. Ne4 Rc2 26. Kg2 $17) 25. Be3 Nxe5 26. Kg3 (26. Kh3 {was necessary.}) 26... Red8 ({Don't take} 26... Rxc3 27. Ne4 Ra3 28. Rd5 $19) 27. Rb1 {[%emt 0:00:57] [#]} Rxe3+ $1 28. Rxe3 (28. fxe3 Rxd2) 28... Rxd2 29. Rxb7 Bd6 30. Re4 Nd3+ 31. Kf3 Rxa2 32. Re8+ Kg7 33. Rd8 Rxf2+ 34. Ke4 {[%emt 0:01:09] [#]} c4 {[%emt 0:00:53] Hoping for ...Nc5+.} 35. Rxa7 Rf4+ 36. Kd5 Be5 37. Rc8 (37. Ra3 $142) 37... Bxc3 38. Rxc4 Nb4+ 39. Kc5 {[%emt 0:00:00] [#]} Bd4+ $1 40. Rxd4 Rxd4 41. Rxf7+ Kxf7 {[%emt 0:00:03] Black mates.} 42. Kxd4 Ke6 43. Kc4 Nd5 44. Kd4 Nf6 {[%emt 0:00:10] Weighted Error Value: White=0.85/Black=0.01 (flawless) .  Mistake:       	White=5     	---        Inaccurate:     	White=1     	Black=1      OK:         	White=9     	Black=15     Best:        	White=2     	Black=7} 0-1

[Event "Presidents Day GM-Norm 2024"]
[Site "Santa Clara"]
[Date "2024.02.19"]
[Round "8.3"]
[White "Stearman, Josiah"]
[Black "Atanasov, Anthony"]
[Result "1/2-1/2"]
[ECO "C42"]
[WhiteElo "2455"]
[BlackElo "2384"]
[Annotator "TA"]
[PlyCount "63"]
[EventDate "2024.02.13"]
[EventType "tourn"]
[EventCountry "USA"]
[SourceTitle "playchess.com"]
[Source "ChessBase"]
[SourceQuality "1"]
[TimeControl "5400+30"]

1. e4 e5 2. Nf3 Nf6 3. Nxe5 d6 4. Nf3 Nxe4 5. Nc3 Nxc3 6. dxc3 Be7 7. Be3 Nd7 8. Qd2 Nf6 9. Bd3 O-O 10. O-O-O d5 11. Rhe1 Bg4 12. Bg5 Re8 13. Qf4 ({Better is} 13. Re5 $1 $14) 13... Qd6 $11 14. Qa4 {[%emt 0:05:51] [#] aiming for Bxf6.} Ne4 15. Bxe4 Bxg5+ 16. Nxg5 Qf4+ 17. Kb1 dxe4 (17... Qxg5 $6 18. h4 (18. Bxd5 c6 $16) (18. Rxd5 $2 Qxd5 19. f3 Bf5 $19) 18... Qd8 19. Bxh7+ (19. Bxd5 $2 Bxd1 20. Rxe8+ Qxe8 $19) (19. Rxd5 $2 Qxd5 20. f3 Bf5 $19) 19... Kxh7 20. Qxg4 $16) 18. Nxe4 {[%emt 0:00:09][%cal Oe4f6] Threatens to win with Nf6+!} b5 $1 {[%emt 0:01:33] [#]} (18... Bxd1 $2 19. Nf6+ gxf6 20. Rxe8+ (20. Qxf4 $2 {too greedy.} Rxe1 21. a4 Rae8 $19) 20... Rxe8 21. Qxf4 $18) 19. Nf6+ $1 Qxf6 20. Qxg4 (20. Rxe8+ {simplifies} Rxe8 21. Qxg4 g6 22. f4) 20... Rxe1 21. Rxe1 Qxf2 $14 {[%emt 0:02:18][%mdl 4096] Endgame. KQR-KQR} 22. Qe4 Rf8 23. Rd1 g6 24. a3 h5 25. h3 a5 26. Rd7 c5 27. Rd5 (27. Rc7 $14) 27... Rb8 {[%emt 0:03:35] The position is equal.} 28. Qe5 Rc8 {[%emt 0:00:06] Hoping for ...Qf1+.} 29. Qg5 Kh7 {[%emt 0:07:37] Black wants to play ...Qf1+.} 30. Qd2 Qf1+ 31. Ka2 a4 32. Qd3 {[%emt 0:01:48] Weighted Error Value: White=0.12 (very precise) /Black=0.08 (flawless) .  Mistake:       	White=2     	---        Inaccurate:     	White=2     	Black=3      OK:         	White=6     	Black=9      Best:        	White=1     	Black=3      Strong:       	---       	Black=1      Brilliant:      	White=1     	---} 1/2-1/2

[Event "Presidents Day GM-Norm 2024"]
[Site "Santa Clara"]
[Date "2024.02.19"]
[Round "8.4"]
[White "Budisavljevic, Luka"]
[Black "Delgado Ramirez, Neuris"]
[Result "1-0"]
[ECO "E56"]
[WhiteElo "2475"]
[BlackElo "2517"]
[Annotator "TA"]
[PlyCount "101"]
[EventDate "2024.02.13"]
[EventType "tourn"]
[EventCountry "USA"]
[SourceTitle "playchess.com"]
[Source "ChessBase"]
[SourceQuality "1"]
[TimeControl "5400+30"]

1. d4 Nf6 2. c4 e6 3. Nf3 d5 4. e3 a6 5. Nc3 c5 6. cxd5 exd5 7. Bd3 Nc6 8. O-O Be7 9. dxc5 Bxc5 10. h3 O-O 11. b3 {[%emt 0:00:31] E56: Nimzo-Indian: Rubinstein: Main Line: 7...Nc6.} Re8 12. Bb2 Ba7 13. Re1 Be6 $146 ({Predecessor:} 13... Nb4 14. Bb1 Be6 15. Ne2 Nc6 16. Nf4 Ne4 17. a3 Qd7 18. b4 Rad8 19. Nd4 Bxd4 20. Bxd4 {½-½ Bolz,J (2345)-Gromotka,H (2389) VW-Cup7 final email 2018}) 14. Ne2 Ne4 15. Nf4 Qe7 16. Rc1 $1 Rac8 17. Bb1 Red8 18. Nd4 Nxd4 19. Rxc8 Rxc8 20. Bxd4 Bb8 21. Qh5 f5 22. Qe2 Bf7 23. Qb2 g5 24. Nd3 (24. Bh8 $5 Qf8 (24... gxf4 25. Qg7#) (24... d4 $2 25. Qxd4 Bxb3 26. axb3 $18) 25. Ne2 $16) 24... h6 25. Be5 Ba7 26. Rc1 Rxc1+ 27. Qxc1 Nc5 (27... Qd8 $16 {is a better defense.}) 28. Bb2 $18 d4 29. Nxc5 (29. Bxd4 $6 Nxd3 30. Qc8+ (30. Bxd3 Bxd4 31. exd4 Be6 $18) 30... Qe8 (30... Qf8 $2 31. Qxf8+ Kxf8 32. Bxa7 $18) 31. Qxe8+ (31. Qxf5 Bxd4 32. Bxd3 Bg7 $11) 31... Bxe8 $18) 29... dxe3 $2 (29... Qxc5 30. Qxc5 (30. Bxd4 Qxc1+ 31. Kh2 Bb8+ 32. f4 Qxb1 33. Kg3 Qe1+ 34. Kh2 Bd5 35. Be5 Qf2 36. e4 Bxe4 37. Bxb8 Qxg2#) 30... Bxc5) 30. Nd3 $18 (30. Qxe3 Qxe3 31. fxe3 Bxc5 $11) 30... exf2+ 31. Nxf2 Qe2 (31... Qc5 $142) 32. Qc8+ $18 Be8 33. Qc4+ $2 (33. Qxb7 {is a self mate.} Qxf2+ (33... Bxf2+ $2 34. Kh2 $19) 34. Kh2 Qg1+ (34... Qxb2 $2 35. Qxa7 Qxb1 36. Qxa6 $19) 35. Kg3 Qe1+ (35... Qxb1 36. Qg7#) (35... Bf2+ $2 36. Kf3 $19) 36. Kh2 Bg1+ (36... Qxb1 37. Qg7#) 37. Kh1 Bf2+ 38. Kh2 Bg3#) (33. Kh2 {[%cal Of2e4] White threatens Ne4! and mate.} Qe7 34. Qxf5 Bxf2 35. Qxf2 Qd6+ 36. Kg1) 33... Qxc4 $18 34. bxc4 Bd7 35. Kf1 Be6 36. Bd3 Kf7 37. Nh1 Bb8 38. Kf2 Ba7+ 39. Ke2 Bb8 40. Nf2 h5 41. Bd4 g4 42. a3 Ke7 43. hxg4 hxg4 44. Nd1 Bd6 (44... Bd7 $142 45. Ne3 f4 46. Nf5+ Ke6) 45. c5 $18 Bc7 46. Ne3 f4 47. Nf5+ Kd7 48. Be4 Bd8 49. Kf2 Bg5 50. Nd6 Bh4+ 51. Kf1 1-0

[Event "Presidents Day GM-Norm 2024"]
[Site "Santa Clara"]
[Date "2024.02.19"]
[Round "8.5"]
[White "Harsha Bharathakoti"]
[Black "Jiang, Lucas"]
[Result "1-0"]
[ECO "D27"]
[WhiteElo "2565"]
[BlackElo "2258"]
[Annotator "TA"]
[PlyCount "111"]
[EventDate "2024.02.13"]
[EventType "tourn"]
[EventCountry "USA"]
[SourceTitle "playchess.com"]
[Source "ChessBase"]
[SourceQuality "1"]
[TimeControl "5400+30"]

1. Nf3 d5 2. c4 dxc4 3. e3 Nf6 4. Bxc4 e6 5. Nc3 a6 6. O-O b5 7. Bb3 c5 8. d4 Bb7 9. e4 cxd4 10. Nxd4 {[%emt 0:00:05] Threatening e5.} Nbd7 11. Be3 {[%emt 0:00:56][%cal Ob3e6] The position is equal.} Nc5 12. Rc1 Be7 13. f3 O-O 14. a3 Nxb3 15. Nxb3 b4 16. axb4 Bxb4 17. Na4 a5 18. Bc5 Re8 (18... Bxc5+ $11 19. Nbxc5 Qb8) 19. Qxd8 $16 Rexd8 {[%emt 0:00:38] [#]} 20. Bxb4 $1 axb4 21. Nac5 Ba6 22. Rfd1 Bb5 23. Rd4 e5 24. Rxb4 Be8 25. Kf2 g5 26. Ke3 Rab8 27. Rxb8 Rxb8 28. Rc3 Bb5 29. Nd2 {[%emt 0:00:00] Strongly threatening Rb3.} Ne8 {[%emt 0:00:00] [#]} (29... Nd7 $16 {keeps fighting.} 30. Nxd7 Bxd7) 30. Rb3 $1 $18 Nd6 31. Nd7 Ra8 32. Nxe5 Ra1 33. Nd3 {[%emt 0:00:00] Dodges Re1+} f6 34. Ra3 Rg1 35. Ra8+ Kf7 36. g4 Rh1 37. Ra7+ Kg8 38. Ra8+ Kf7 $1 39. Ra7+ Kg8 $1 40. Re7 Rxh2 41. Re6 Nc4+ 42. Nxc4 Bxc4 43. Rb6 Bxd3 44. Kxd3 $16 {[%emt 0:00:03][%cal Ob2b4][%mdl 4096] Endgame. Black must now prevent b4! KR-KR} Kf7 45. Rb7+ Ke6 46. Rb6+ $2 (46. b4 $16) 46... Ke5 $2 (46... Kf7 $1 $11 {and Black stays safe.}) 47. Rb5+ Kd6 $2 (47... Ke6 {is more resistant.} 48. b4 Rb2) 48. b4 $18 {[%emt 0:00:26][%cal Bb2b4,Bb4b5,Bb5b6][%mdl 32] White is clearly winning.} h5 49. gxh5 Rxh5 50. Rf5 Ke6 51. b5 Rh1 52. Kc2 Rf1 53. b6 {[%emt 0:00:29] Threatening mate with b7.} Kd7 54. Rxf6 {[%emt 0:00:18] e5 is the strong threat.} g4 55. Rf7+ Kc8 56. Rc7+ {[%emt 0:00:03] Weighted Error Value: White=0.18 (very precise) /Black=0.30.  Loses game:     	---       	Black=1      Mistake:       	White=1     	Black=3      Inaccurate:     	White=1     	Black=2      OK:         	White=18    	Black=18     Best:        	White=1     	---        Strong:       	White=1     	Black=2} 1-0

[Event "Presidents Day GM-Norm 2024"]
[Site "Santa Clara"]
[Date "2024.02.20"]
[Round "9.1"]
[White "Jiang, Lucas"]
[Black "Sathish, Pranav"]
[Result "1/2-1/2"]
[ECO "C67"]
[WhiteElo "2258"]
[BlackElo "2357"]
[Annotator "TA"]
[PlyCount "56"]
[EventDate "2024.02.13"]
[EventType "tourn"]
[EventCountry "USA"]
[SourceTitle "playchess.com"]
[Source "ChessBase"]
[SourceQuality "1"]
[TimeControl "5400+30"]

1. e4 e5 2. Nf3 Nc6 3. Bb5 Nf6 4. O-O Nxe4 5. Re1 Nd6 6. Nxe5 Be7 7. Bf1 Nxe5 8. Rxe5 O-O 9. Nc3 Ne8 10. Nd5 {[%emt 0:00:05] Black is weak on the light squares} Bd6 11. Re1 Nf6 12. Ne3 Re8 13. Nf5 Bf8 14. d4 d5 15. Bd3 Ne4 16. Ng3 Nxg3 17. hxg3 Rxe1+ 18. Qxe1 Be6 19. Bf4 Bd6 20. Qe3 c6 21. Re1 Qc7 22. Qf3 Re8 {[%emt 0:02:30] The position is equal.} 23. Qh5 g6 $1 24. Qf3 Bxf4 25. gxf4 Qd8 26. Re5 f6 27. Re3 Bf7 28. f5 Kg7 {[%emt 0:01:46] Not much happened in this game.   Weighted Error Value: White=0.07 (flawless) /Black=0.05 (flawless) .  Inaccurate:     	White=2     	Black=1      OK:         	White=6     	Black=8      Strong:       	---       	Black=1} 1/2-1/2

[Event "Presidents Day GM-Norm 2024"]
[Site "Santa Clara"]
[Date "2024.02.20"]
[Round "9.2"]
[White "Delgado Ramirez, Neuris"]
[Black "Harsha Bharathakoti"]
[Result "1/2-1/2"]
[ECO "B30"]
[WhiteElo "2517"]
[BlackElo "2565"]
[Annotator "TA"]
[PlyCount "67"]
[EventDate "2024.02.13"]
[EventType "tourn"]
[EventCountry "USA"]
[SourceTitle "playchess.com"]
[Source "ChessBase"]
[SourceQuality "1"]
[TimeControl "5400+30"]

1. e4 c5 2. Nf3 e6 3. Nc3 Nc6 4. Bb5 Nd4 5. Bd3 a6 6. O-O Nc6 7. Nd5 g5 {[%emt 0:02:06][%cal Og5g4] ...g4! is the strong threat.} 8. Ne3 h5 {[%emt 0:01:21] The position is equal.} 9. c3 g4 10. Ne1 Nge7 ({Black should try} 10... d5 $15) 11. Bc2 d5 12. exd5 exd5 13. Qe2 Qd6 14. b3 Bg7 15. Ba3 {[%emt 0:00:00][%cal Od2d4] Black must now prevent d4!} b5 16. Nd3 $1 b4 17. Bb2 O-O 18. f3 bxc3 19. dxc3 d4 20. Nc4 Qc7 21. Qd2 dxc3 22. Bxc3 Nd4 23. Ba5 Qb8 (23... Qb7 $16) 24. fxg4 (24. Nxc5 Nxc2 25. Qxc2 Bd4+ 26. Kh1 Bxc5 $11) 24... Bxg4 25. Rae1 (25. Nxc5 Nxc2 26. Qxc2 Nc6 $11) 25... Ng6 26. Bd1 (26. Nxc5 Nxc2 27. Qxc2 Bd4+ 28. Kh1 (28. Ne3 $2 Qe5 $19) 28... Bxc5 $17) 26... Bxd1 (26... Re8 $16 {might work better.} 27. Bxg4 (27. Nxc5 Rxe1 28. Rxe1 Nc6 $16) 27... hxg4) 27. Qxd1 $18 h4 28. h3 Qg3 29. Re3 Qg5 {[%emt 0:00:05] [#]} 30. Bd2 $1 Rad8 {[%emt 0:02:04] [#]} 31. Re5 $3 Qg3 32. Re3 {[%emt 0:00:00] Really sharp!} (32. Rxc5 $2 {loses.} Qxd3 33. Kh2 Rfe8 $19) 32... Qg5 33. Re5 Qg3 34. Re3 {[%emt 0:11:30] Weighted Error Value: White=0.21 (precise) /Black=0.20 (precise) .  Mistake:       	White=1     	Black=3      Inaccurate:     	White=4     	Black=5      OK:         	White=10    	Black=12     Best:        	White=1     	Black=2      Strong:       	White=2     	---} (34. Rxc5 $2 {perishes.} Qxd3 35. Kh2 Rfe8 $19) ({Only move:} 34. Be1 $16 Ne2+ 35. Rxe2 Qxd3 36. Rd2 Bd4+ 37. Bf2) 1/2-1/2

[Event "Presidents Day GM-Norm 2024"]
[Site "Santa Clara"]
[Date "2024.02.20"]
[Round "9.4"]
[White "Atwell, Rose"]
[Black "Stearman, Josiah"]
[Result "0-1"]
[ECO "B30"]
[WhiteElo "2104"]
[BlackElo "2455"]
[Annotator "TA"]
[PlyCount "92"]
[EventDate "2024.02.13"]
[EventType "tourn"]
[EventCountry "USA"]
[SourceTitle "playchess.com"]
[Source "ChessBase"]
[SourceQuality "1"]
[TimeControl "5400+30"]

1. e4 c5 2. Nf3 Nc6 3. Bb5 e6 4. O-O Nge7 5. Re1 a6 6. Bf1 b6 7. c3 d5 8. e5 d4 {[%emt 0:01:00] The position is equal.} 9. d3 Ng6 10. g3 Be7 11. Bg2 {[%emt 0:02:32][%cal Of3d4] Threatens to win with Nxd4!} Bb7 12. h4 h5 13. Bg5 (13. cxd4 $16 Rb8 14. dxc5) 13... Bxg5 14. Nxg5 Qd7 (14... Rb8 $11 {remains equal.}) 15. f4 $16 {[%emt 0:05:06] Strongly threatening Nd2.} Nge7 16. Nd2 Nf5 17. Nde4 (17. Nc4 $16) 17... O-O-O $14 18. c4 (18. a4 $16) 18... Qe7 {[%emt 0:03:05] [#]} (18... Kb8 $1 $14) 19. b4 $1 $16 cxb4 {[%emt 0:02:07] [#]} (19... Nxb4 20. a3 $18) 20. c5 $1 bxc5 21. Rc1 Rd5 {[%emt 0:00:23] [#]} (21... Ne3 $2 22. Rxe3 dxe3 23. Nxc5 $18 (23. Rxc5 $2 Kb8 $19)) 22. Nd6+ Nxd6 $11 23. Bxd5 (23. exd6 $14 Rxd6 24. Qc2 (24. Rxc5 Kb8 $14)) 23... Nb5 $1 $36 {[%emt 0:00:32][%mdl 2048] Black is on the roll.} ({Worse is} 23... Nf5 24. Bf3 $16) 24. Bf3 Nc3 {[%emt 0:00:12] Prevents Qa4} 25. Qd2 g6 26. Ne4 Rd8 27. Qg2 Kc7 28. Rc2 a5 29. Nd2 Qd7 30. Nb3 $2 (30. Rec1 $17 {was called for.}) 30... Kb6 $19 31. Nd2 Ba6 32. Be4 ({Don't blunder} 32. Bxc6 $2 Qxc6 33. Qxc6+ Kxc6 $19) 32... Ne7 {[%emt 0:00:17] Excellent horsemanship.} 33. Kf2 $2 (33. a3) 33... Qa4 34. Nb3 Ned5 35. Bxd5 (35. Qf3 $142) 35... Rxd5 36. Qf1 Qb5 (36... Nxa2 $142 37. Na1 Nc3) 37. Rd2 a4 {[%emt 0:00:07] Black is clearly winning.} 38. Nc1 {[%emt 0:00:12] White is weak on the light squares} Rd7 39. Rb2 Bb7 40. Kg1 Bd5 41. Qf2 Ra7 42. a3 b3 43. Qd2 Qa5 {[%emt 0:00:19] aiming for ...Nb5.} 44. Ne2 Bf3 45. Nc1 Nb5 46. Qf2 Bd5 {[%emt 0:00:14] What a bad dream for White.   Weighted Error Value: White=0.41/Black=0.20 (precise) .  Loses game:     	White=1     	---        Mistake:       	White=7     	Black=2      Inaccurate:     	White=1     	Black=3      OK:         	White=8     	Black=18     Best:        	White=1     	Black=2      Strong:       	---       	Black=1      Brilliant:      	White=1     	---} 0-1

[Event "Presidents Day GM-Norm 2024"]
[Site "Santa Clara"]
[Date "2024.02.20"]
[Round "9.5"]
[White "Wang, Isaac"]
[Black "Deng, Henry"]
[Result "1/2-1/2"]
[ECO "D55"]
[WhiteElo "2316"]
[BlackElo "2281"]
[Annotator "TA"]
[PlyCount "54"]
[EventDate "2024.02.13"]
[EventType "tourn"]
[EventCountry "USA"]
[SourceTitle "playchess.com"]
[Source "ChessBase"]
[SourceQuality "1"]
[TimeControl "5400+30"]

1. d4 d5 2. c4 c6 3. Nc3 Nf6 4. Nf3 e6 5. Bg5 Be7 6. e3 O-O 7. Bd3 h6 8. Bh4 dxc4 9. Bxc4 b5 10. Bd3 {[%emt 0:00:25] White is slightly better.} Bb7 11. Bxf6 Bxf6 12. Ne4 Nd7 13. O-O Be7 14. Rc1 Rc8 15. Nc5 Nxc5 16. dxc5 a5 17. Qe2 Qc7 18. a4 b4 19. Rfd1 {[%emt 0:09:04] The position is equal.} Rcd8 20. Nd4 Rd7 21. Be4 Rfd8 22. Nb3 Rxd1+ 23. Rxd1 Ba6 24. Rxd8+ Qxd8 25. Qc2 Bc4 26. g3 ({But not} 26. Qxc4 Qd1+ 27. Qf1 Qxb3 28. Bxc6 Qxb2 $17) (26. Nd4 $5 Bd5 $8 27. Bxd5 (27. Nxc6 $2 {perishes.} Bxe4 28. Nxe7+ Kf8 $19) 27... Qxd5 28. Nb3 $11) 26... Bxb3 27. Qxb3 Bxc5 {[%emt 0:00:07] A rather calm draw.   Weighted Error Value: White=0.04 (flawless) /Black=0.02 (flawless) .  Inaccurate:     	---       	Black=1      OK:         	White=6     	Black=9} 1/2-1/2